 Dungeon Crawl Stone Soup version 0.31-a0-1009-g454b1f1e0a (webtiles) character file.

Game seed: 2760069425814616525

62 Maratek the Trooper (level 3, 0/30 HPs)
             Began as a Demonspawn Fighter on Nov 15, 2023.
             Slain by a worm (7 damage)
             ... on level 2 of the Dungeon.
             The game lasted 00:01:15 (1205 turns).

Maratek the Trooper (Demonspawn Fighter)            Turns: 1205, Time: 00:01:16

Health: 0/30       AC:  6    Str: 18    XL:     3   Next: 85%
Magic:  3/3        EV:  9    Int:  9    God:
Gold:   24         SH:  4    Dex: 12    Spells: 2/2 levels left

rFire   . . .        a - +0 war axe
rCold   . . .        c - +0 buckler
rNeg    . . .        b - +0 scale mail
rPois   .            (no helmet)
rElec   .            (no cloak)
rCorr   +            (no gloves)
SInv    .            (no boots)
Will    .....        (no amulet) Stlth
                     e - ring of resist corrosion
HPRegen 0.25/turn    (no ring)
MPRegen 0.08/turn

%: no passive effects
@: no status effects
A: powered by death 1
a: no special abilities


You were on level 2 of the Dungeon.
You visited 1 branch of the dungeon, and saw 2 of its levels.

You collected 24 gold pieces.

Inventory:

Hand Weapons
 a - a +0 war axe (weapon)
Armour
 b - a +0 scale mail (worn)
 c - a +0 buckler (worn)
Jewellery
 e - a ring of resist corrosion (left hand)
Scrolls
 h - 2 scrolls of enchant weapon {unknown}
Potions
 d - a potion of might
 f - a potion of mutation
 g - 2 potions of brilliance {unknown}
 i - a potion of ambrosia {unknown}
 j - a potion of lignification {unknown}
 k - a potion of invisibility {unknown}


   Skills:
 + Level 3.7 Fighting
 + Level 2.4 Axes
 + Level 3.1 Armour
 + Level 0.1 Stealth
 + Level 3.0 Shields


You had 2 spell levels left.
You didn't know any spells.
Your spell library was empty.

Dungeon Overview and Level Annotations

Branches:
Dungeon (2/15)

Altars:


Innate Abilities, Weirdness & Mutations

You regenerate a little health from kills.


Message History

You kill the endoplasm!
You barely miss the worm. You hit the worm.
The worm is lightly wounded.
The worm misses you.
You barely miss the worm.
The worm is lightly wounded.
The worm bites you!
You hit the worm.
The worm is lightly wounded.
The worm bites you!
You are too injured to fight recklessly!
A worm is nearby!
A worm is nearby!
A worm is nearby!
You are too injured to fight recklessly!
You are too injured to fight recklessly!
You are too injured to fight recklessly!
You are too injured to fight recklessly!
You are too injured to fight recklessly!
You are too injured to fight recklessly!
You are too injured to fight recklessly!
You are too injured to fight recklessly!
You are too injured to fight recklessly!
You are too injured to fight recklessly!
You are too injured to fight recklessly!
You are too injured to fight recklessly!
You are too injured to fight recklessly!
You slash the worm!
The worm is heavily wounded.
The worm bites you.
* * * LOW HITPOINT WARNING * * *
You completely miss the worm.
The worm is moderately wounded.
The worm bites you.
* * * LOW HITPOINT WARNING * * *
You slash the worm!
The worm is almost dead.
The worm bites you!
You die...

#.........###
#...........#
#...........#
#...........#
#...........#
..........#
###.w......###
#...@........#
#............#
...#............#
................#
.........>......#
........#.......########
........#...............
.
......###...............
..##.
#...............########


You could see a worm.

Vanquished Creatures
  A gnoll (D:1)
  An adder (D:2)
  2 worms (D:2)
  3 endoplasms
  A giant cockroach (D:2)
  5 goblins
  4 hobgoblins
  2 jackals (D:1)
  3 ball pythons (D:1)
  4 bats
  2 frilled lizards (D:1)
  7 kobolds
  3 rats
38 creatures vanquished.

Notes
Turn   | Place    | Note
-------+----------+-------------------------------------------
     0 | D:1      | Maratek the Demonspawn Fighter began the quest for the Orb.
     0 | D:1      | Reached XP level 1. HP: 18/18 MP: 1/1
   177 | D:1      | Gained mutation: You regenerate a little health from kills.
                  | [demonic ancestry]
   177 | D:1      | Reached XP level 2. HP: 22/24 MP: 2/2
   485 | D:1      | Reached XP level 3. HP: 23/30 MP: 3/3
  1205 | D:2      | Slain by a worm

Illustrated notes

Levels and vault maps discovered:
D:1:      roderic_octagonal_star, layout_basic, serial_park_tiny_1,
          grunt_decor_mini_mirrors, minmay_stone_trees_large
D:2:      layout_basic, minmay_pentomino_o2

Skill      XL: |  1  2  3 |
---------------+----------+-----
Axes           | 2 |  2.4
Armour         | 3 |  3.1
Shields        | 3 |  3.0
Fighting       | |  3.7
Stealth        | |  0.1

Action                     || total
---------------------------++-------
  Melee: War axe           ||   104
    Use: Scroll            ||     2
 Armour: Scale mail        ||    84
  Dodge: Dodged            ||    34
  Block: Buckler           ||    30

Table legend: (Time is in decaauts)
 A = Elapsed time spent in this place.
 B = Non-inter-level travel time spent in this place.
 C = Inter-level travel time spent in this place.
 D = Time resting spent in this place.
 E = Time spent auto-exploring this place.
 F = Levels seen in this place.
 G = Mean time per level.
                   A        B        C        D        E       F      G
               +--------+--------+--------+--------+--------+-----+--------+
         Total |   1249 |   1227 |     22 |      0 |    962 |   2 |  624.5 |
       Dungeon |   1249 |   1227 |     22 |      0 |    962 |   2 |  624.5 |
               +--------+--------+--------+--------+--------+-----+--------+

Top non-repeatable levels by time:
     D:1: 798 daAuts
     D:2: 451 daAuts
